cohdb
Replays
Latest Replays
All Replays
Popular Replays
Top Player Replays
Match Explorer
How It Works
Community
CoH3 Stats
Reddit
Sign in to upload your games and track your stats! →
Sign in with Steam
Match 42510050
Unlisted
Match 42510050
Overview
Messages
Build Orders
End
Vickers Machine Gun Team
Construct Section Command Post
Selects Indian Artillery Battlegroup
Infantry Section
Infantry Section
Infantry Section
Grenade Package
Infantry Section
Selects Valour
Construct Platoon Command Post
6-pounder Anti-tank Gun Team
Selects Gurkha Rifles Section
Unlock M3 Stuart Light Tanks
M3 Stuart Light Tank
M3 Stuart Light Tank
Royal Engineer Section
Selects Pillage
M3 Stuart Light Tank
Light Vehicle Training
Selects Artillery Saturation
Selects Artillery Saturation
M3 Stuart Light Tank
Royal Engineer Section
Selects Off-map Airburst Barrage
Gurkha Rifles Section
CMP 15cwt Truck
Off-map Airburst Barrage
Selects Perimeter Monitor
[GG]Quiq
(502) Bad Gateway
0
0
Comments
sign in to comment!
No comments posted yet!